 Dungeon Crawl Stone Soup version 0.31-a0-96-g196d5507e3 (webtiles) character file.

Game seed: 9567317567362674359

30 Kenran the Slasher (level 3, -1/28 HPs)
             Began as a Vampire Fighter on May 26, 2023.
             Was an Initiate of Okawaru.
             Succumbed to a kobold's poison
             ... on level 2 of the Dungeon.
             The game lasted 00:01:29 (848 turns).

Kenran the Slasher (Vampire Fighter)                 Turns: 848, Time: 00:01:30

Health: -1/28      AC:  8    Str: 15    XL:     3   Next: 5%
Magic:  3/3        EV:  8    Int: 10    God:    Okawaru [......]
Gold:   17         SH:  5    Dex: 15    Spells: 2/2 levels left

rFire   . . .        a - +0 long sword
rCold   . . .        c - +0 buckler
rNeg    . . .        b - +0 scale mail
rPois   .            e - +0 helmet
rElec   .            j - +0 cloak
rCorr   .            (no gloves)
SInv    +            (no boots)
Will    .....        (no amulet) Stlth
                     (no ring)
HPRegen 0.44/turn    (no ring)
MPRegen 0.08/turn

%: no passive effects
@: lethally poisoned (-1 -> -28), healing quickly, hasted, very quick
A: alive, fangs 3, see invisible, vampiric 2
a: Exsanguinate, Renounce Religion


You were on level 2 of the Dungeon.
You worshipped Okawaru.
Okawaru was noncommittal.
You visited 1 branch of the dungeon, and saw 2 of its levels.

You collected 17 gold pieces.

Inventory:

Hand Weapons
 a - a +0 long sword (weapon)
Armour
 b - a +0 scale mail (worn)
 c - a +0 buckler (worn)
 e - a +0 helmet (worn)
 j - a +0 cloak (worn)
Jewellery
 g - a ring of protection from cold
Scrolls
 f - a scroll of poison {!r}
 h - a scroll of fog {unknown}
 i - a scroll of brand weapon {unknown}
 l - a scroll of magic mapping {unknown}
Potions
 d - a potion of might


   Skills:
 - Level 2.6 Fighting
 + Level 3.5 Long Blades
 - Level 2.4 Armour
 - Level 2.6 Shields


You had 2 spell levels left.
You didn't know any spells.
Your spell library was empty.

Dungeon Overview and Level Annotations

Branches:
Dungeon (2/15)

Altars:
Okawaru


Innate Abilities, Weirdness & Mutations

Your natural rate of healing is accelerated.
You have razor-sharp teeth.
You have supernaturally acute eyesight. (SInv)
You are afflicted with vampirism and can become a bat while bloodless.


Message History

The goblin hits you but does no damage. The goblin barely misses you.
You hit the goblin.
You kill the goblin!
Okawaru accepts your kill.
You hit the kobold.
The kobold is severely wounded.
The kobold hits you but does no damage.
You are poisoned.
You closely miss the kobold. You bite the kobold, but do no damage.
The kobold is severely wounded.
You feel very sick. The kobold closely misses you.
You barely miss the kobold. Your bite misses the kobold.
The kobold is severely wounded.
You feel sick. The kobold hits you but does no damage.
You are more poisoned.
The kobold hits you but does no damage.
You closely miss the kobold.
The kobold is severely wounded.
You feel very sick. The kobold closely misses you.
You closely miss the kobold.
The kobold is severely wounded.
You feel very sick. The kobold hits you but does no damage.
You are more poisoned.
You closely miss the kobold.
The kobold is severely wounded.
You feel very sick. The kobold hits you but does no damage.
You are lethally poisoned!
You closely miss the kobold.
The kobold is severely wounded.
* * * LOW HITPOINT WARNING * * *
You feel extremely sick. The kobold hits you but does no damage.
You are more poisoned.
You block the kobold's attack.
It was a potion of haste.
You feel yourself speed up.
You die...

........#
#.####.#.#
........#
.#####........#
###.##..#
............###
#######..#####
.........#
#######.## #.#
#.# #@# # #K#
##. #.#
##...#.#
#......#
.............#
.............>.
##....###......
#....# ......


You could see a kobold.

Vanquished Creatures
  A dart slug (D:2)
  2 bats (D:1)
  An endoplasm (D:2)
  2 giant cockroaches
  2 goblins
  2 hobgoblins (D:1)
  A kobold (D:1)
  3 quokkas
  10 ball pythons
  3 rats
27 creatures vanquished.

Notes
Turn   | Place    | Note
-------+----------+-------------------------------------------
     0 | D:1      | Kenran the Vampire Fighter began the quest for the Orb.
     0 | D:1      | Reached XP level 1. HP: 17/17 MP: 1/1
   181 | D:1      | Reached XP level 2. HP: 21/23 MP: 2/2
   332 | D:1      | Reached skill level 3 in Long Blades
   676 | D:2      | Found an iron altar of Okawaru.
   685 | D:2      | Became a worshipper of Warmaster Okawaru
   790 | D:2      | Gained mutation: You are afflicted with vampirism and can
                  | become a bat while bloodless. [Vampire growth]
   790 | D:2      | Reached XP level 3. HP: 28/28 MP: 3/3
   848 | D:2      | Succumbed to a kobold's poison

Illustrated notes

Levels and vault maps discovered:
D:1:      eino_arrival_druids_welcome, layout_loops_ring
D:2:      layout_loops_ring, basic_altar, roderic_lattice_a,
          reono_crystal_passage

Skill      XL: |  1  2 |
---------------+-------+-----
Long Blades    | 3 |  3.5
Fighting       | |  2.6
Armour         | |  2.4
Shields        | |  2.6

Action                     || total
---------------------------++-------
  Melee: Long sword        ||    74
         Bite              ||     6
    Use: Scroll            ||     1
         Potion            ||     1
 Armour: Scale mail        ||    41
  Dodge: Dodged            ||    29
  Block: Buckler           ||    22

Table legend: (Time is in decaauts)
 A = Elapsed time spent in this place.
 B = Non-inter-level travel time spent in this place.
 C = Inter-level travel time spent in this place.
 D = Time resting spent in this place.
 E = Time spent auto-exploring this place.
 F = Levels seen in this place.
 G = Mean time per level.
                   A        B        C        D        E       F      G
               +--------+--------+--------+--------+--------+-----+--------+
         Total |    870 |    834 |     36 |      3 |    558 |   2 |  435.0 |
       Dungeon |    870 |    834 |     36 |      3 |    558 |   2 |  435.0 |
               +--------+--------+--------+--------+--------+-----+--------+

Top non-repeatable levels by time:
     D:1: 680 daAuts
     D:2: 190 daAuts
